 Dungeon Crawl Stone Soup version 0.26-a0-812-g31a745ddcd (webtiles) character file.

Game seed: 9243080238017995756

92 sanka the Chopper (level 4, -2/40 HPs)
             Began as a Ghoul Monk on Nov 22, 2020.
             Slain by an orc wizard
             ... wielding a +0 dagger
              (3 damage)
             ... on level 2 of the Dungeon.
             The game lasted 00:03:24 (2703 turns).

sanka the Chopper (Ghoul Monk)                      Turns: 2703, Time: 00:03:24

Health: -2/40      AC:  2    Str: 15    XL:     4   Next: 60%
Magic:  12/12      EV: 16    Int:  5    God:
Gold:   108        SH:  0    Dex: 11    Spells: 3/3 levels left

rFire    . . .     SeeInvis .   a - +0 hand axe
rCold    + . .     Faith    .   (no shield)
rNeg     + + +     Spirit   .   b - +0 robe
rPois    ∞         Reflect  .   (no helmet)
rElec    .         Harm     .   (no cloak)
rCorr    .         Rampage  .   (no gloves)
MR       .....                  (no boots)
Stlth    ++........             (no amulet)
HPRegen  0.00/turn              l - +4 ring of evasion
MPRegen  0.13/turn              g - ring of magical power

@: flying
A: rotting body, claws 1, cold resistance 1, negative energy resistance 3,
inhibited regeneration, torment resistance, unbreathing
a: no special abilities


You were on level 2 of the Dungeon.
You visited 1 branch of the dungeon, and saw 3 of its levels.

You collected 108 gold pieces.


Innate Abilities, Weirdness & Mutations

Your body is rotting away.
You thrive by killing the living.
You are immune to poison.
You have sharp fingernails.
Your flesh is cold resistant. (rC+)
You are immune to negative energy. (rN+++)
You do not regenerate when monsters are visible.
You are immune to unholy pain and torment.
You can survive without breathing.


   Skills:
 - Level 4.0 Fighting
 * Level 4.3 Axes
 - Level 2.6 Dodging
 - Level 2.1 Stealth


You had 3 spell levels left.
You didn't know any spells.
Your spell library was empty.

Inventory:

Hand Weapons
 a - a +0 hand axe (weapon)
Armour
 b - a +0 robe (worn)
Jewellery
 g - a ring of magical power (right claw)
 l - a +4 ring of evasion (left claw)
Scrolls
 c - a scroll of teleportation {unknown}
 d - 3 scrolls of identify {unknown}
 e - a scroll of random uselessness {unknown}
 i - a scroll of fear {unknown}
 j - a scroll of remove curse {unknown}
Potions
 f - a potion of curing {unknown}
 h - a potion of invisibility {unknown}

Dungeon Overview and Level Annotations

Branches:
Dungeon (3/15)

Altars:
Gozag
Ru
Wu Jian
Xom
The Shining One

....▒▒▒.....▒▒▒▒▒▒▒
▒▒▒▒▒ ▒▒▒..▒▒.....▒
▒▒.▒▒.....▒
▒.▒▒.....▒
▒▒▒▒▒▒▒▒▒▒.▒▒.....▒
............(.....▒
▒▒▒▒▒▒▒▒▒▒..▒.....▒
▒▒▒▒▒.▒..{..▒
▒.........n.▒
▒▒▒▒▒▒▒.▒▒▒)......▒
.....▒..▒▒▒._..._.▒▒
.....▒.▒▒▒.........▒
.....▒.▒ ▒....⌠....▒
.....▒.▒ ▒(........▒
.......▒ ▒▒._..._..▒
▒.▒...▒▒ ▒.....)..▒
▒÷..▒▒▒▒▒▒▒.....▒▒.▒


There were no monsters in sight!


Message History

* * * LOW HITPOINT WARNING * * *
The orc wizard casts a spell.
The orc wizard blinks!
You hear some strange, mumbled words.
A puff of flame appears from out of thin air!
The puff of flame misses you. The orc wizard casts a spell at you.
The magic dart hits something!
The orc wizard is no longer moving quickly.
Something hits you.
* * * LOW HITPOINT WARNING * * *
Something hits you.
* * * LOW HITPOINT WARNING * * *
The orc wizard points at you and mumbles some strange words.
The magic dart hits you!
* * * LOW HITPOINT WARNING * * *
There is a stone staircase leading up here.
You hear some strange, mumbled words.
A puff of frost appears from out of thin air!
The puff of frost hits you. You resist.
* * * LOW HITPOINT WARNING * * *
You climb upwards.
Reactivating autopickup.
There is a stone staircase leading down here.
It was a potion of flight.
You feel very buoyant.
You fly up into the air.
Something hits you.
You die...

Action                   |  1- 3 |  4- 6 || total
-------------------------+-------+-------++-------
Melee: Hand axe          |   166 |    15 ||   181
  Use: Potion            |       |     1 ||     1
 Stab: Sleeping          |     3 |       ||     3
       Paralysed         |       |     1 ||     1
Armor: Robe              |    21 |     4 ||    25
Dodge: Dodged            |   106 |    19 ||   125

Levels and vault maps discovered:
D:1:      mushboom_english_gardens, layout_loops_ring
D:2:      layout_rooms, grunt_temple_overflow_open, serial_curves,
          eino_curves_01, eino_curves_02
D:3:      layout_loops_ring, lemuel_doored_altar, serial_co_window_serial,
          co_window_of_opportunity_a, co_window_corner_a,
          co_window_of_opportunity_a, co_window_of_opportunity_a,
          co_window_paths_a, co_window_paths_b, co_window_cross_3,
          co_window_cross_2, co_window_unsneaky_path_c, co_window_corner_ca,
          co_window_sun, co_window_paths_d, glass_columns_c, glass_columns_b,
          glass_columns_b, nicolae_ru_great_annihilating_truth

Notes
Turn   | Place    | Note
-------+----------+-------------------------------------------
     0 | D:1      | sanka the Ghoul Monk began the quest for the Orb.
     0 | D:1      | Reached XP level 1. HP: 19/19 MP: 0/0
   371 | D:1      | Reached skill level 3 in Axes
   373 | D:1      | Reached XP level 2. HP: 26/26 MP: 1/1
  1176 | D:2      | Reached XP level 3. HP: 20/33 MP: 2/2
  1363 | D:2      | HP: 2/33 [kobold/+2 dagger of venom (2)]
  1891 | D:2      | Found an opulent altar of Gozag.
  1897 | D:2      | Found an ornate altar of the Wu Jian Council.
  1897 | D:2      | Found a glowing golden altar of the Shining One.
  1897 | D:2      | Found a shimmering altar of Xom.
  1908 | D:2      | Reached skill level 4 in Fighting
  2226 | D:3      | Found a sacrificial altar of Ru.
  2249 | D:3      | Reached skill level 4 in Axes
  2249 | D:3      | Reached XP level 4. HP: 8/40 MP: 3/3
  2700 | D:3      | HP: 4/40 [orc wizard/magic dart (10)]
  2701 | D:3      | HP: 1/40 [something/puff of frost (3)]
  2703 | D:2      | Slain by an orc wizard

Vanquished Creatures
  An orc wizard (D:3)
  An adder (D:2)
  A worm (D:2)
  2 dart slugs (D:2)
  4 bats
  2 giant cockroaches (D:2)
  5 goblins
  3 hobgoblins
  2 jackals (D:2)
  10 kobolds
  2 quokkas (D:2)
  5 frilled lizards
  10 rats
48 creatures vanquished.
